Map: Stasis LE

Players

Anders

  • Race: Protoss Protoss
  • League: Silver
  • Spawn Location: 11:00

Mesrob - Winner!

  • Race: Terran Terran
  • League: Gold
  • Spawn Location: 1:00

VOD

Have the link to the VOD?

Description

Time

  • Played on: Jan. 11, 2019, 2:12 p.m.
  • Length: 16:25
Show
View Real Time Build Order
Export as new Build Order

Anders Protoss 

Build Orders:  

Get SALT Encoding   

  1  0:00  Probe  
  13  0:08  Probe  
  14  0:17  Pylon  
  14  0:22  Probe  
  15  0:33  Assimilator  
  15  0:35  Probe  
  16  0:45  Gateway  
  16  0:48  Probe  
  17  0:59  Probe  
  18  1:07  Probe  
  19  1:15  Pylon  
  19  1:27  Assimilator  
  19  1:33  Cybernetics Core  
  19  1:39  Gateway  
  19  2:02  Adept  
  20  2:17  Probe  
  21  2:26  Warp Gate  
  21  2:27  Twilight Council  
  22  2:30  Pylon, Probe  
  22  2:40  Adept  
  22  2:41  Adept  
  22  2:42  Probe  
  27  2:54  Probe  
  27  2:55  Resonating Glaives  
  28  3:10  Stalker  
  28  3:11  Forge  
  30  3:23  Protoss Ground Weapons Level 1  
  30  3:37  Nexus  
  30  3:39  Probe  
  30  3:40  Pylon  
  31  3:55  Probe  
  32  4:07  Probe  
  33  4:16  Pylon  
  33  4:20  Adept x2  
  37  4:34  Pylon, Probe  
  38  4:42  Sentry x2  
  42  4:57  Gateway  
  42  5:03  Gateway  
  42  5:08  Assimilator, Probe  
  42  5:09  Probe  
  42  5:12  Charge  
  44  5:16  Probe  
  44  5:17  Protoss Shields Level 1, Probe  
  46  5:33  Probe  
  46  5:34  Probe  
  48  5:45  Probe  
  48  5:46  Probe  
  50  5:52  Adept x2  
  50  5:53  Adept  
  56  5:58  Adept, Probe  
  59  6:14  Photon Cannon  
  59  6:18  Pylon  
  59  6:29  Templar Archives  
  59  6:40  Gateway  
  59  6:42  Blink  
  59  6:43  Gateway  
  59  6:45  Gateway  
  59  6:49  Gateway  
  59  6:59  Adept x2  
  63  7:04  Photon Cannon  
  63  7:31  Protoss Ground Weapons Level 2  
  59  8:05  Psionic Storm  
  59  8:17  Pylon  
  59  8:18  Pylon  
  59  8:21  High Templar x4  
  59  8:24  Probe  
  67  8:27  Probe  
  67  8:29  Assimilator  
  67  8:32  Probe  
  69  8:39  Probe  
  71  8:42  Archon x2  
  71  8:43  Nexus  
  71  8:44  Pylon  
  71  8:51  Probe x2  
  71  8:55  High Templar x2  
  77  9:02  Archon  
  77  9:03  Probe  
  77  9:04  Probe  
  79  9:10  Sentry x2  
  79  9:15  Probe  
  84  9:19  Probe  
  85  9:28  Probe  
  86  9:31  Probe  
  87  9:40  Probe  
  88  9:47  Protoss Shields Level 2  
  88  10:05  High Templar x2  
  92  10:08  Pylon  
  92  10:19  Assimilator  
  92  10:20  Zealot x6  
  104  10:21  Nexus  
  104  10:23  Assimilator, Pylon  
  104  10:35  Robotics Facility  
  104  10:40  Pylon  
  104  10:46  Probe  
  104  10:48  Probe x2  
  107  10:54  Probe  
  107  11:00  Probe x2  
  107  11:02  Probe  
  110  11:05  Archon  
  110  11:07  High Templar  
  110  11:08  High Templar x4  
  121  11:12  Archon x2, Probe  
  121  11:15  Warp Prism  
  122  11:24  Probe x2  
  122  11:25  Probe  
  127  11:37  Zealot  
  127  11:38  Zealot x2  
  133  11:51  Observer  
  134  12:08  Stargate  
  134  12:10  Stargate  
  134  12:21  Zealot x3  
  140  12:29  Zealot x3  
  134  13:01  Stalker  
  134  13:02  Stalker  
  138  13:06  Stalker x2  
  138  13:07  Stalker x4  
  138  14:03  Zealot x5  
  138  14:04  Zealot x3  
  78  14:25  Fleet Beacon  
  64  14:36  High Templar x6  
  64  14:37  High Templar x2  
  76  14:42  Gateway  
  76  14:44  Gateway  
  76  14:45  Archon x2, Gateway  
  76  14:46  Archon x2  
  76  14:51  Gateway  
  76  15:08  Tempest x2  
  76  15:12  Zealot x7  
  76  15:13  Zealot  
  60  15:39  High Templar x2  
  60  15:40  High Templar x6  
  61  15:45  Archon x4  
Show
View Real Time Build Order
Export as new Build Order

Mesrob Terran - Winner!

Build Orders:  

Get SALT Encoding   

  12  0:00  SCV  
  13  0:12  SCV  
  14  0:18  Supply Depot  
  14  0:25  SCV  
  15  0:40  SCV  
  15  0:41  Barracks  
  16  0:49  Refinery  
  16  0:52  SCV  
  17  1:04  SCV  
  18  1:16  SCV  
  19  1:30  Orbital Command  
  19  1:39  Command Center  
  19  1:45  Marine  
  20  1:58  SCV  
  21  2:06  Factory  
  21  2:08  Barracks Tech Lab  
  21  2:10  SCV  
  22  2:17  Bunker  
  22  2:23  SCV  
  22  2:29  Refinery  
  23  2:49  Supply Depot  
  23  2:51  SCV  
  24  2:54  Supply Depot  
  24  2:55  Siege Tank  
  27  3:03  Orbital Command, SCV  
  28  3:17  Engineering Bay  
  28  3:28  Siege Tank  
  28  3:29  Supply Depot  
  28  3:31  SCV x2  
  33  3:43  SCV  
  33  3:44  SCV  
  35  3:50  Refinery  
  35  3:55  SCV  
  36  3:56  SCV  
  37  4:04  Supply Depot  
  37  4:07  Armory  
  37  4:13  Siege Tank  
  40  4:18  Supply Depot  
  40  4:28  Supply Depot  
  40  4:44  Missile Turret, SCV  
  40  4:45  SCV  
  42  4:51  Supply Depot  
  42  4:56  Sensor Tower, SCV  
  42  4:57  SCV  
  42  4:58  Missile Turret  
  44  5:04  Siege Tank  
  44  5:05  Sensor Tower  
  47  5:08  SCV  
  47  5:09  SCV  
  49  5:20  Factory  
  49  5:22  Missile Turret  
  49  5:29  Refinery  
  49  5:30  SCV x2  
  49  5:35  Terran Vehicle Weapons Level 1  
  51  5:40  Armory  
  51  5:42  SCV  
  52  5:47  Supply Depot  
  52  5:48  Missile Turret  
  52  5:50  Marine  
  53  6:00  Thor  
  59  6:05  Factory Reactor  
  59  6:11  Supply Depot  
  59  6:14  Missile Turret, SCV  
  59  6:15  Supply Depot, SCV  
  61  6:26  SCV  
  61  6:27  SCV  
  61  6:32  Command Center  
  63  6:33  Supply Depot  
  63  6:37  Supply Depot  
  63  6:39  SCV x2  
  65  6:56  Supply Depot  
  65  6:59  Supply Depot  
  65  7:16  Marine  
  65  7:19  Hellbat x2, Thor  
  65  7:21  Supply Depot  
  76  7:23  SCV  
  76  7:24  SCV  
  78  7:35  Supply Depot, SCV  
  78  7:36  SCV  
  80  7:38  Missile Turret  
  80  7:41  Terran Vehicle And Ship Armor Level 1  
  80  7:42  Terran Vehicle Weapons Level 2  
  78  7:57  Supply Depot  
  78  7:59  Marine  
  79  8:06  Thor  
  79  8:10  Hellbat x2  
  89  8:17  Orbital Command  
  89  8:20  Supply Depot  
  89  8:44  Hellbat x2  
  93  8:49  Thor  
  93  8:54  Orbital Command  
  99  9:32  Thor  
  99  9:33  Factory, Supply Depot  
  105  9:39  Terran Vehicle And Ship Armor Level 2  
  99  9:56  Supply Depot  
  99  9:58  SCV  
  99  9:59  SCV x2  
  102  10:10  SCV  
  102  10:11  SCV x2  
  102  10:13  Refinery  
  105  10:16  Sensor Tower  
  105  10:19  Supply Depot  
  105  10:36  Refinery  
  105  10:41  Supply Depot  
  105  11:01  Sensor Tower  
  105  11:02  Factory Tech Lab  
  105  11:03  Thor  
  111  11:04  Hellbat x2  
  111  11:06  Supply Depot  
  115  11:15  Starport  
  115  11:26  Thor  
  115  11:27  Hellbat  
  115  11:28  Hellbat, Supply Depot  
  125  11:43  Supply Depot  
  125  11:45  Thor  
  131  11:54  Starport  
  131  12:09  Thor  
  131  12:11  Supply Depot  
  137  12:20  Hellbat x2  
  141  12:28  Thor  
  144  12:32  Starport  
  142  12:40  Supply Depot  
  142  12:48  Missile Turret  
  142  12:51  Thor  
  148  13:02  Supply Depot  
  148  13:05  Command Center  
  148  13:09  Starport, Missile Turret  
  148  13:13  Thor  
  148  13:15  Hellbat x2  
  158  13:21  Starport Tech Lab x3  
  158  13:25  Engineering Bay  
  158  13:31  Missile Turret  
  154  13:43  Liberator  
  154  13:47  Starport  
  150  13:53  Missile Turret  
  153  14:05  Fusion Core  
  153  14:07  Thor x2  
  155  14:43  Hellbat x2  
  159  14:49  Thor  
  159  14:50  Thor  
  171  15:04  Hellbat x2  
  168  15:25  Hellbat  
  168  15:26  Hellbat  
  172  15:32  Thor x2  
  172  15:34  Starport Tech Lab x2  
  196  15:47  Hellbat x2  
Tags
 
Matchup
PvT
Replay Pack
sc2 replays
Spawn Locations
Close Positions
Add a new tag
Caveats
  • Supply blocks, unpowered buildings, or Contaminate may cause inaccurate times.
  • Supply counts are checked every 10 seconds.